 Dungeon Sprint DCSS version 0.31-a0-596-g831eee08f1 (webtiles) character file.

Game seed: 8238116839471637632

18149 sircluck the Grappler (level 12, -1/127 (133) HPs)
             Began as a Troll Fighter on Aug 20, 2023.
             Was the Champion of Qazlal.
             Slain by an ancient champion
             ... wielding a +2 battleaxe
              (4 damage)
             ... in the Dungeon (Sprint V: "Ziggurat Sprint").
             The game lasted 00:07:11 (572 turns).

sircluck the Grappler (Troll Fighter)                Turns: 572, Time: 00:07:12

HP:   -1/127 (133)  AC: 22    Str: 39    XL:     12   Next: 25%
MP:   2/14          EV:  1    Int:  4    God:    Qazlal [******]
Gold: 0             SH: 42    Dex:  9    Spells: 15/15 levels left

rFire   + .          .
                       - Unarmed
rCold   + . .        H - +18 shield of the Gong {Loud rN+ Will+ rCorr EV-5}
rNeg    + + .        k - +5 gold dragon scales
rPois   +            (helmet restricted)
rElec   .            (no cloak)
rCorr   +            (gloves unavailable)
SInv    .            (boots unavailable)
Will    +....        U - amulet of reflection Stlth
                     y - ring of the Golden Breadfruit {rN+ Str+2 Slay+3}
HPRegen 1.21/turn    F - +6 ring of strength
MPRegen 0.14/turn

%: no teleportation, repel missiles, reflection
@: protected from physical damage, on berserk cooldown, slowed, lightly drained,
very slow
A: large, unfitting armour, claws 3, regeneration 1, shaggy fur 1, tough skin 1
a: Renounce Religion, Upheaval, Elemental Force, Disaster Area


You were in the Dungeon.
You worshipped Qazlal.
Qazlal was exalted by your worship.
You visited 1 branch

Inventory:

Hand Weapons
 I - the +1 sling "Piniwom" {elec, rF+ Int-2 SInv}
   (You found it in the Dungeon)

   Int-2:     It affects your intelligence (-2).
   rF+:       It protects you from fire.
   SInv:      It lets you see invisible.
 M - the +10 zealot's sword {holy, Zealotry, *Rage rN+ EV+3}
   (You found it in the Dungeon)

   Zealotry:  Whenever the wielder enters a berserk rage, their allies are
   berserked alongside them.
   EV+3:      It affects your evasion (+3).
   rN+:       It protects you from negative energy.
   *Rage:     It berserks you when you make melee attacks (+20% chance).
 O - the +7 arbalest of Extermination {flame, Drain MP+9 Int+3 SInv}
   (You found it in the Dungeon)

   Int+3:     It affects your intelligence (+3).
   MP+9:      It affects your magic capacity (+9).
   SInv:      It lets you see invisible.
   Drain:     It drains your maximum health when unequipped.
Armour
 a - a +0 robe
 b - a +0 kite shield
 j - +5 fire dragon scales
 k - +5 gold dragon scales (worn)
 l - +5 ice dragon scales
 m - +5 shadow dragon scales
 n - +5 storm dragon scales
 o - a +3 tower shield
 H - the +18 shield of the Gong (worn) {Loud rN+ Will+ rCorr EV-5}
   (You found it in the Dungeon)

   Loud:      It is deafeningly noisy when blocking attacks.
   EV-5:      It affects your evasion (-5).
   rN+:       It protects you from negative energy.
   Will+:     It increases your willpower.
   rCorr:     It protects you from acid and corrosion.
 Y - the +0 robe of the Vestibule of Hell {rN+ Str+4}
   (You found it in the Dungeon)

   Str+4:     It affects your strength (+4).
   rN+:       It protects you from negative energy.
Jewellery
 y - the ring of the Golden Breadfruit (left claw) {rN+ Str+2 Slay+3}
   (You found it in the Dungeon)

   [ring of positive energy]

   Str+2:     It affects your strength (+2).
   Slay+3:    It affects your accuracy & damage with ranged weapons and melee
   (+3).
   rN+:       It protects you from negative energy.
 A - a ring of flight
 B - a +6 ring of dexterity
 C - a +6 ring of dexterity
 D - a +6 ring of intelligence
 E - a +6 ring of intelligence
 F - a +6 ring of strength (right claw)
 G - a +6 ring of strength
 L - the ring of Secrets {Fly Int+4 Dex-5}
   (You found it in the Dungeon)

   [ring of flight]

   Int+4:     It affects your intelligence (+4).
   Dex-5:     It affects your dexterity (-5).
   Fly:       It grants you flight.
 N - an amulet of magic regeneration
 Q - a ring of positive energy
 T - a ring of magical power
 U - an amulet of reflection (around neck)
 W - a ring of resist corrosion
 X - the ring "Vilafe Usygg" {Wiz +Blink rN+ Will+ Stlth-}
   (You found it in the Dungeon)

   [ring of wizardry]

   Wiz:       It improves your spell success rate.
   rN+:       It protects you from negative energy.
   Will+:     It increases your willpower.
   +Blink:    It lets you blink.
   Stlth-:    It makes you less stealthy.
 Z - a ring of wizardry
Wands
 w - a wand of iceblast (6)
 x - a wand of mindburst (7)
 z - a wand of acid (14)
 J - a wand of flame (12)
 R - a wand of digging (20)
 S - a wand of polymorph (3)
Scrolls
 i - a scroll of blinking
 p - 4 scrolls of amnesia
 q - 8 scrolls of fog
 r - 5 scrolls of identify
 s - 2 scrolls of fear
 P - 2 scrolls of brand weapon
 V - 4 scrolls of enchant weapon
Potions
 c - 5 potions of might
 d - 10 potions of curing
 e - 7 potions of heal wounds
 f - 10 potions of haste
 g - 7 potions of magic
 h - a potion of berserk rage
 t - 2 potions of brilliance
 u - 2 potions of invisibility
 v - 4 potions of resistance
Miscellaneous
 K - a tin of tremorstones (1/2)


   Skills:
 + Level 12.4 Fighting
 + Level 12.4 Dodging
 + Level 13.4 Shields
 + Level 14.4 Unarmed Combat
 + Level 2.2 Spellcasting
 + Level 2.7 Evocations


You had 15 spell levels left.
You didn't know any spells.
Your spell library contained the following spells:

 Spells                   Type           Power      Damage    Failure   Level
 Foxfire                  Conj/Fire      0%         2x1d4     100%        1
 Summon Small Mammal      Summ           0%         N/A       100%        1
 Momentum Strike          Conj/Tloc      0%         3d8       100%        2
 Wereblood                Tmut           0%         N/A       100%        2
 Call Canine Familiar     Summ           0%         N/A       100%        3
 Ozocubu's Armour         Ice            0%         N/A       100%        3
 Stone Arrow              Conj/Erth      0%         3d7       100%        3
 Summon Guardian Golem    Hex/Summ       0%         N/A       100%        3
 Animate Armour           Summ/Erth      0%         N/A       100%        4
 Manifold Assault         Tloc           0%         N/A       100%        4
 Alistair's Intoxication  Tmut/Pois      0%         N/A       100%        5
 Fireball                 Conj/Fire      0%         3d3       100%        5
 Irradiate                Conj/Tmut      0%         3d11      100%        5
 Metabolic Englaciation   Hex/Ice        0%         N/A       100%        5
 Yara's Violent Unravell  Hex/Tmut       0%         3d3       100%        5
 Dispersal                Tloc           0%         N/A       100%        6
 Simulacrum               Ice/Necr       0%         N/A       100%        6
 Orb of Destruction       Conj           0%         9d5       100%        7
 Ozocubu's Refrigeration  Ice            0%         4d7       100%        7
 Disjunction              Tloc           0%         N/A       100%        8
 Ignition                 Fire           0%         3d3       100%        8
 Lehudib's Crystal Spear  Conj/Erth      0%         10d2      100%        8
 Polar Vortex             Ice            0%         N/A       100%        9


Dungeon Overview and Level Annotations

Branches:
Dungeon (1/1)

Altars:
Ashenzari
Cheibriados
Dithmenos
Elyvilon
Fedhas
Gozag
Hepliaklqana
Kikubaaqudgha
Makhleb
Nemelex Xobeh
Okawaru
Qazlal
Ru
Sif Muna
Trog
Uskayaw
Vehumet
Wu Jian
Xom
Yredelemnul
Zin
The Shining One
Jiyva
Lugonu

Annotations:
D 1 transporter


Innate Abilities, Weirdness & Mutations

You are too large for most types of armour.
You have claws for hands.
Your natural rate of healing is unusually fast.
You are covered in fur. (AC +1)
You have tough skin. (AC +1)


Message History

The war gargoyle launches metal splinters at you.
The spray of metal splinters hits you but does no damage.
You feel more protected from physical attacks.
The dread lich mumbles some strange words.
The war gargoyle launches metal splinters at you.
The spray of metal splinters hits you but does no damage.
You block the ancient champion's attack.
BOUMMMMG!
The dread lich mumbles some strange words.
The dread lich flickers and vanishes!
Deactivating autopickup; reactivate with Ctrl-A.
The Brimstone Fiend calls on the powers of darkness!
Your body is wracked with pain!
* * * LOW HITPOINT WARNING * * *
The tremorstone explodes into fragments!
The burst of rock shards engulfs the ancient champion!
The burst of rock shards engulfs the ancient champion but does no damage.
The burst of rock shards engulfs the Executioner!
The burst of rock shards engulfs the iron golem!
The burst of rock shards engulfs the war gargoyle but does no damage.
The burst of rock shards engulfs the hellion!!
The burst of rock shards engulfs the ancient champion.
The burst of rock shards engulfs the war gargoyle but does no damage.
The Executioner gestures.
The Executioner seems to speed up.
The war gargoyle launches metal splinters at you.
The spray of metal splinters hits you!
* * * LOW HITPOINT WARNING * * *
You block the ancient champion's attack.
GONNNNG!
You block the ancient champion's attack.
BOUMMMMG!
The war gargoyle hits you with a +0 flail!
* * * LOW HITPOINT WARNING * * *
The ancient champion hits you with a +2 battleaxe of draining.
* * * LOW HITPOINT WARNING * * *
You partially resist.
You feel drained.
The ancient champion is engulfed in blazing flames.
The ancient champion hits you with a +2 battleaxe.
You die...

▓..... ▓.....
▓..... ▓.....
▓..... ▓....©
▓▓▓▓▓▓▓▓▓ ▓▓▓▓▓▓▓▓
▓.9.8©8.. ▓...8©8.
▓@z[=|[?/.▓...[)%[
▓zz9[||)..▓..|[)[/
▓99z2.....▓.......
▓91.......▓.......
▓.........▓.......
▓.....1...▓.......
▓..▓...▓..▓...†...
▓.▓.....▓.▓....)..
▓....©....▓...†©..


You could see an iron golem, a Brimstone Fiend (summoned), 4 ancient champions,
an Executioner (summoned, fast), 4 war gargoyles and a hellion.

Vanquished Creatures
  A yellow draconian (D)
  A dancing weapon (D)
  2 anacondas (D)
  3 spriggans (D)
  2 deep elf zephyrmancers (D)
  6 draconians (D)
  3 black mambas (D)
  A naga mage (D)
  5 merfolk (D)
  2 hornets (D)
  A jumping spider (D)
  2 hell hounds (D)
  3 black bears (D)
  2 orc warriors (D)
  A bullfrog (D)
  2 scorpions (D)
  An earth elemental (D)
  A quasit (D)
  3 crimson imps (D)
  3 orc priests (D)
  3 iron imps (D)
  4 orc wizards (D)
  2 adders (D)
  2 white imps (D)
  2 ufetubi (D)
  2 adder zombies (D)
  An orc (D)
  A bat zombie (D)
  A jackal (D)
  2 ball pythons (D)
  A ball python skeleton (D)
66 creatures vanquished.

Notes
Turn   | Place    | Note
-------+----------+-------------------------------------------
     0 | D        | sircluck the Troll Fighter began the quest for the Orb.
     0 | D        | Reached XP level 1. HP: 22/22 MP: 0/0
     4 | D        | Found a blossoming altar of Fedhas.
     4 | D        | Found the +6 Majin-Bo {spellvamp, MP+6 Int+6}
     4 | D        | Found the +27 heavy crossbow "Sniper" {heavy, Acc+∞ SInv}
     4 | D        | Found the +10 dark maul {heavy}
     4 | D        | Found the +15 Maxwell's patent armour {-Cast -Tele rElec
                  | Will+ rCorr}
     4 | D        | Found the +18 shield of the Gong {Loud rN+ Will+ rCorr
                  | EV-5}
     4 | D        | Found the +16 obsidian axe {drain, demonic, Mesm Drain Fly
                  | SInv}
     4 | D        | Found the +7 great mace "Firestarter" {flame, immolate,
                  | rFlCloud rF++}
     4 | D        | Found the +6 shillelagh "Devastator" {shatter}
     4 | D        | Found the +11 plutonium sword {Contam Stlth-}
     4 | D        | Found the +8 lance "Wyrmbane" {slay drac, rPois rF+ rC+
                  | AC+3}
     4 | D        | Found the +9 sword of Zonguldrok {reap}
     4 | D        | Found the +13 scythe of Curses {drain, curses, Drain}
     4 | D        | Found the +9 sword of Power {lifebolt}
     4 | D        | Found the +7 mace of Variability {chaos, chaos arc}
     4 | D        | Found the +11 Singing Sword {sonic wave}
     4 | D        | Found the +8 storm bow {elec, penet}
     7 | D        | Found a viscous altar of Jiyva.
     7 | D        | Found a hazy altar of Hepliaklqana.
     7 | D        | Found a transporter.
     7 | D        | Found an opulent altar of Gozag.
     7 | D        | Found an ancient bone altar of Kikubaaqudgha.
     7 | D        | Found a corrupted altar of Lugonu.
    10 | D        | Found a burning altar of Makhleb.
    11 | D        | Banished a spatial maelstrom
    12 | D        | Found a sacrificial altar of Ru.
    12 | D        | Found a shimmering blue altar of Sif Muna.
    12 | D        | Found a stormy altar of Qazlal.
    12 | D        | Found a bloodstained altar of Trog.
    12 | D        | Found an iron altar of Okawaru.
    12 | D        | Found a sparkling altar of Nemelex Xobeh.
    98 | D        | Became a worshipper of Qazlal Stormbringer
   113 | D        | Entered arena 2.
   113 | D        | Noticed a bullfrog
   113 | D        | Found a transporter.
   120 | D        | Killed a bullfrog
   121 | D        | Reached skill level 4 in Unarmed Combat
   121 | D        | Reached XP level 2. HP: 18/32 MP: 1/1
   121 | D        | Reached XP level 3. HP: 22/39 MP: 2/2
   126 | D        | Got the Elucidation of Bewitching Soot
   129 | D        | Got the +1 sling "Piniwom" {elec, rF+ Int-2 SInv}
   135 | D        | Entered arena 3.
   135 | D        | Noticed a scorpion
   135 | D        | Noticed a jumping spider
   135 | D        | Noticed a scorpion
   135 | D        | Found a transporter.
   137 | D        | Killed a jumping spider
   137 | D        | Reached * piety under Qazlal
   137 | D        | Killed a scorpion
   138 | D        | Reached skill level 5 in Fighting
   138 | D        | Reached skill level 5 in Dodging
   138 | D        | Reached skill level 6 in Unarmed Combat
   138 | D        | Reached XP level 4. HP: 52/52 MP: 3/3
   138 | D        | Reached XP level 5. HP: 59/59 MP: 4/4
   138 | D        | Reached XP level 6. HP: 67/67 MP: 5/5
   160 | D        | Entered arena 4.
   160 | D        | Found the +10 zealot's sword {holy, Zealotry, *Rage rN+
                  | EV+3}
   160 | D        | Noticed a +2 heavy long sword
   160 | D        | Noticed a deep elf zephyrmancer
   160 | D        | Noticed a deep elf zephyrmancer
   160 | D        | Found a transporter.
   163 | D        | Killed a +2 heavy long sword
   163 | D        | Reached ** piety under Qazlal
   164 | D        | Reached skill level 8 in Unarmed Combat
   164 | D        | Reached XP level 7. HP: 66/79 MP: 6/6
   166 | D        | Killed a deep elf zephyrmancer
   167 | D        | Reached skill level 9 in Unarmed Combat
   167 | D        | Reached XP level 8. HP: 56/88 MP: 7/7
   168 | D        | Killed a deep elf zephyrmancer
   169 | D        | Reached skill level 10 in Unarmed Combat
   182 | D        | Got the ring of Secrets {Fly Int+4 Dex-5}
   190 | D        | Entered arena 5.
   190 | D        | Found a transporter.
   192 | D        | Reached *** piety under Qazlal
   209 | D        | Got the +7 arbalest of Extermination {flame, Drain MP+9
                  | Int+3 SInv}
   212 | D        | Entered arena 6.
   212 | D        | Noticed a merfolk
   212 | D        | Noticed a merfolk
   212 | D        | Noticed a merfolk
   212 | D        | Noticed a merfolk
   212 | D        | Noticed a merfolk
   212 | D        | Found a transporter.
   218 | D        | Killed a merfolk
   218 | D        | Reached **** piety under Qazlal
   219 | D        | Reached XP level 9. HP: 85/98 MP: 8/8
   219 | D        | Killed a merfolk
   220 | D        | Reached skill level 10 in Shields
   220 | D        | Killed a merfolk
   221 | D        | Reached skill level 11 in Unarmed Combat
   226 | D        | Killed a merfolk
   227 | D        | Killed a merfolk
   227 | D        | Reached ***** piety under Qazlal
   232 | D        | Got the ring of the Golden Breadfruit {rN+ Str+2 Slay+3}
   238 | D        | Got the Discursus on Kinetic Energy
   244 | D        | Entered arena 7.
   244 | D        | Found the +9 staff of Olgreb {rPois∞}
   245 | D        | Found a transporter.
   255 | D        | Reached skill level 10 in Fighting
   255 | D        | Reached skill level 10 in Dodging
   268 | D        | Entered arena 8.
   268 | D        | Noticed a spriggan rider
   268 | D        | Noticed a spriggan rider
   269 | D        | Found a transporter.
   276 | D        | Killed a spriggan rider
   277 | D        | Reached skill level 12 in Unarmed Combat
   277 | D        | Reached XP level 10. HP: 22/111 MP: 9/9
   288 | D        | Reached ****** piety under Qazlal
   351 | D        | Entered arena 9.
   351 | D        | Noticed a draconian
   351 | D        | Noticed a draconian
   351 | D        | Noticed a draconian
   351 | D        | Noticed a yellow draconian
   351 | D        | Noticed a draconian
   351 | D        | Noticed a draconian
   351 | D        | Noticed a draconian
   353 | D        | Found a transporter.
   357 | D        | Killed a draconian
   360 | D        | Killed a draconian
   362 | D        | Killed a draconian
   367 | D        | Killed a draconian
   368 | D        | Reached skill level 13 in Unarmed Combat
   372 | D        | Killed a draconian
   373 | D        | Killed a draconian
   380 | D        | Killed a yellow draconian
   432 | D        | Entered arena 10.
   433 | D        | Found a transporter.
   438 | D        | Reached XP level 11. HP: 123/123 MP: 10/10
   464 | D        | Got the ring "Vilafe Usygg" {Wiz +Blink rN+ Will+ Stlth-}
   467 | D        | Got the +0 robe of the Vestibule of Hell {rN+ Str+4}
   485 | D        | Reached XP level 12. HP: 132/132 MP: 11/11
   497 | D        | Entered arena 11.
   497 | D        | Found the +3 salamander hide armour {Flames, rFlCloud rF++
                  | rC--}
   498 | D        | Found a transporter.
   518 | D        | Got Paukh's Encyclopedia of Virulence and the Dragon
   528 | D        | Entered arena 12.
   528 | D        | Noticed an anaconda
   528 | D        | Noticed an anaconda
   534 | D        | Reached skill level 14 in Unarmed Combat
   534 | D        | Reached skill level 1 in Evocations
   536 | D        | Killed an anaconda
   537 | D        | Reached skill level 1 in Spellcasting
   541 | D        | Killed an anaconda
   551 | D        | Found a transporter.
   563 | D        | Entered arena 13.
   563 | D        | Noticed a war gargoyle
   563 | D        | Noticed an ancient champion
   563 | D        | Noticed an ancient champion
   563 | D        | Noticed a war gargoyle
   563 | D        | Noticed a war gargoyle
   563 | D        | Noticed an ancient champion
   563 | D        | Noticed an ancient champion
   563 | D        | Noticed an iron golem
   564 | D        | Noticed a dread lich
   565 | D        | Noticed a war gargoyle
   570 | D        | Noticed a Brimstone Fiend
   570 | D        | Found a transporter.
   572 | D        | Noticed an Executioner
   572 | D        | HP: 3/128 [ancient champion/+2 battleaxe of draining (6)]
   572 | D        | Slain by an ancient champion

Illustrated notes

Levels and vault maps discovered:
D:        sprint_v [room_start, room_1, room_2, room_3, room_4, room_5, room_6,
          room_7, room_8, room_9, room_10, room_11, room_12, room_13, room_14,
          room_15, room_16, room_17, room_18, room_19, room_20, room_21,
          room_22, room_23, room_24, room_25, room_26, room_27]

Skill      XL: |  1  2  3  4  5  6  7  8  9 10 11 12 |
---------------+-------------------------------------+-----
Fighting       | 3 5 7 8 9 10 11 12 | 12.4
Dodging        | 4 5 7 8 9 10 11 12 | 12.4
Shields        | 4 6 8 9 11 12 13 | 13.4
Unarmed Combat | 4 6 8 9 10 12 13 14 | 14.4
Evocations     | 2 |  2.7
Spellcasting   | 2 |  2.2

Action                     |  1- 3 |  4- 6 |  7- 9 | 10-12 || total
---------------------------+-------+-------+-------+-------++-------
  Melee: Unarmed           |     8 |     5 |    39 |    76 ||   128
 Invoke: Elemental Force   |       |       |       |     1 ||     1
         Disaster Area     |       |       |       |     1 ||     1
  Evoke: Wand              |     2 |     1 |     4 |     1 ||     8
         Tin of tremorston |       |       |       |     3 ||     3
    Use: Potion            |       |       |       |     7 ||     7
         Scroll            |       |       |       |     3 ||     3
 Armour: Robe              |     1 |       |     8 |     8 ||    17
         Gold dragon scale |       |       |       |    10 ||    10
  Dodge: Dodged            |     1 |       |     3 |     9 ||    13
  Block: Kite shield       |    16 |     3 |    75 |   142 ||   236
         Reflection        |       |       |       |     1 ||     1

Table legend: (Time is in decaauts)
 A = Elapsed time spent in this place.
 B = Non-inter-level travel time spent in this place.
 C = Inter-level travel time spent in this place.
 D = Time resting spent in this place.
 E = Time spent auto-exploring this place.
 F = Levels seen in this place.
 G = Mean time per level.
                   A        B        C        D        E       F      G
               +--------+--------+--------+--------+--------+-----+--------+
         Total |    566 |    561 |      5 |     36 |     41 |   1 |  566.0 |
       Dungeon |    566 |    561 |      5 |     36 |     41 |   1 |  566.0 |
               +--------+--------+--------+--------+--------+-----+--------+

Top non-repeatable levels by time:
       D: 566 daAuts
